 Dungeon Crawl Stone Soup version 0.24.0-125-gc4c63601f3 (webtiles) character file.

Game seed: 13442570538413267213, levelgen mode: deterministic

5821 shadizar the Fighter (level 10, -4/69 HPs)
             Began as a Gargoyle Fighter on Mar 14, 2020.
             Was a Believer of the Shining One.
             Killed from afar by a rakshasa (illusionary) (32 damage)
             ... with an orb of energy
             ... on level 11 of the Dungeon.
             The game lasted 00:14:34 (7453 turns).

shadizar the Fighter (Gargoyle Fighter)             Turns: 7453, Time: 00:14:35

Health: -4/69      AC: 24    Str: 29    XL:     10   Next: 80%
Magic:  14/14      EV:  9    Int:  8    God:    the Shining One [**....]
Gold:   813        SH: 19    Dex:  9    Spells: 9/9 levels left

rFire    . . .     SeeInvis .   a - +1 flail
rCold    + + .     Gourm    .   c - +0 shield
rNeg     + + .     Faith    .   C - +2 chain mail {rC+}
rPois    ∞         Spirit   .   s - +0 helmet
rElec    +         Reflect  .   u - +1 cloak
rCorr    .         Harm     .   (no gloves)
MR       .....                  A - +0 pair of boots
Stlth    ..........             (no amulet)
HPRegen  0.21/turn              h - +1 ring of evasion
MPRegen  0.14/turn              b - ring of protection from cold

@: mighty, divine shield, glowing
A: negative energy resistance 1, electricity resistance, unbreathing,
petrification resistance, rot immunity, AC +7
a: Divine Shield, Renounce Religion


You were on level 11 of the Dungeon.
You worshipped the Shining One.
The Shining One was pleased with you.
You were not hungry.

You visited 2 branches of the dungeon, and saw 12 of its levels.
You also visited: Bailey.

You collected 813 gold pieces.

Inventory:

Hand Weapons
 a - a +1 flail (weapon)
 v - the +7 rapier of Classification {chaos, rElec Dex+3, unknown}
   (You found it on level 4 of the Dungeon)

   Each time it hits an enemy it has a different, random effect.
   It affects your dexterity (+3).
   It insulates you from electricity.
   The Shining One disapproves of the use of such an item.
Armour
 c - a +0 shield (worn)
 s - a +0 helmet (worn)
 u - a +1 cloak (worn)
 A - a +0 pair of boots (worn)
 C - a +2 chain mail of cold resistance (worn)
Jewellery
 b - a ring of protection from cold (right hand)
 h - a +1 ring of evasion (left hand)
 m - an uncursed ring of see invisible
Wands
 p - a wand of disintegration (10)
 w - a wand of iceblast (9)
 B - a wand of flame (15)
Scrolls
 e - a scroll of enchant weapon
 g - 3 scrolls of remove curse
 j - a scroll of teleportation
 o - a scroll of immolation {unknown}
 q - 4 scrolls of identify
 r - a scroll of enchant armour
 y - 2 scrolls of amnesia
Potions
 i - a potion of agility {unknown}
 k - a potion of curing
 l - 2 potions of heal wounds
 t - a potion of cancellation {unknown}
 z - 2 potions of flight
 D - a potion of magic {unknown}
 E - a potion of haste
Comestibles
 f - 9 rations
 n - 4 chunks of flesh


   Skills:
 + Level 11.0 Fighting
 + Level 7.8 Maces & Flails
 + Level 6.1 Armour
 + Level 3.5 Dodging
 + Level 6.1 Shields
 + Level 6.4 Invocations


You had 9 spell levels left.
You didn't know any spells.
Your spell library contained the following spells:

 Spells                   Type           Power        Failure   Level  Hunger
 Beastly Appendage        Tmut           #.....       100%        1    ##.....
 Sticks to Snakes         Tmut           #.......     100%        2    ###....
 Spider Form              Tmut/Pois      #.........   100%        3    ####...
 Ice Form                 Ice/Tmut       #.......     100%        4    #####..
 Blade Hands              Tmut           #.........   100%        5    ######.


Dungeon Overview and Level Annotations

Branches:
Dungeon (12/15)            Temple (1/1) D:7          Bailey (visited)
   Lair: D:8-11         Orc: D:9-12

Altars:
Ashenzari
Cheibriados
Dithmenos
Elyvilon
Fedhas
Gozag
Hepliaklqana
Kikubaaqudgha
Makhleb
Nemelex Xobeh
Okawaru
Qazlal
Ru
Sif Muna
Trog
Uskayaw
Vehumet
Wu Jian
Xom
Yredelemnul
Zin
The Shining One

Shops:
D:5 [

Annotations:
D:3 1 runed translucent door, hurston's ghost, amateur GrFi
D:7 3 runed translucent doors, YannSP's ghost, novice MiFi
D:8 3 runed translucent doors, kathalu's ghost, novice MiBe


Innate Abilities, Weirdness & Mutations

You are resistant to torment.
Your stone body is resilient. (AC +7)
You are immune to poison.
You resist negative energy. (rN+)
You are resistant to electric shocks. (rElec)
You can survive without breathing.
You are immune to petrification.
You are immune to rotting.


Message History

The injured rakshasa weaves a defensive illusion!
The rakshasa hits you but does no damage.
You barely miss the rakshasa.
The rakshasa is severely wounded.
You block the rakshasa's attack. x2; The rakshasa completely misses you.
Your shield and chain mail prevent you from hitting the rakshasa.
The rakshasa is severely wounded.
You block the rakshasa's attack. x2
The rakshasa hits you with a +0 trident.
You bludgeon the rakshasa!!
You kill the rakshasa!
The rakshasa weaves an illusion.
The crimson imp shimmers and seems to become two!
The rakshasa blinks!
You closely miss the crimson imp. You block the rakshasa's attack.
The crimson imp grinds its teeth.
You block the crimson imp's attack. The rakshasa gestures at you.
The orb of energy hits you!!
You die...

#.....÷............>...
#......>.....)........
#............R.......
#..........[........
##########.........
#......#..
#..###.#.###?#
#..)...#.....#
##.....@5R#..$R.
##...###.# ##[ ##....
.# ##....$. ##...###
#.... ..... .#...


You could see 2 rakshasas and a crimson imp.

Vanquished Creatures
  Harold (D:7)
  A two-headed ogre (D:11)
  Grinder (D:6)
  3 hippogriffs
  A wyvern (D:11)
  3 hungry ghosts
  Menkaure (D:6)
  Duvessa (D:5)
  5 orc warriors (Bailey)
  2 sky beasts
  3 ice beasts
  2 black bears (D:9)
  A necrophage (D:6)
  A phantom (D:4)
  An ogre (D:8)
  A centaur (D:6)
  2 big kobolds
  3 bullfrogs
  A wyvern skeleton (D:8)
  Dowan (D:5)
  A scorpion (D:4)
  A howler monkey (D:9)
  3 crimson imps
  A bullfrog zombie (D:6)
  3 hounds
  A jelly (D:7)
  An orc priest (D:4)
  Jessica (D:2)
  A bullfrog skeleton (D:7)
  5 iguanas
  Natasha (twice) (D:2)
  Terence (D:3)
  4 worker ants
  3 orc wizards
  2 killer bee zombies
  2 hound skeletons
  Robin (D:3)
  4 gnolls
  8 adders
  2 shadow imps
  3 oozes
  An adder zombie (D:7)
  An adder skeleton (D:5)
  3 worms
  A dart slug (D:2)
  3 leopard geckos
  26 orcs
  A ball python (D:3)
  2 giant cockroaches
  2 gnoll zombies (D:4)
  9 hobgoblins
  4 jackals
  14 kobolds
  2 quokkas
  4 bats
  4 frilled lizards
  A giant cockroach zombie (D:5)
  19 goblins
  A jackal skeleton (D:6)
  A jackal zombie (D:6)
  2 leopard gecko zombies
  5 rats
191 creatures vanquished.

Vanquished Creatures (others)
  2 withered plants (D:3)
2 creatures vanquished.

Grand Total: 193 creatures vanquished

Notes
Turn   | Place    | Note
-------+----------+-------------------------------------------
     0 | D:1      | shadizar the Gargoyle Fighter began the quest for the Orb.
     0 | D:1      | Reached XP level 1. HP: 14/14 MP: 1/1
    81 | D:1      | Reached XP level 2. HP: 14/20 MP: 2/2
   508 | D:2      | Reached skill level 4 in Fighting
   559 | D:2      | Reached XP level 3. HP: 21/24 MP: 3/3
   778 | D:2      | Noticed Natasha
   791 | D:2      | Killed Natasha
   791 | D:2      | Reached XP level 4. HP: 24/30 MP: 4/4
   998 | D:2      | Reached skill level 5 in Fighting
  1282 | D:3      | Noticed Jessica
  1319 | D:2      | Noticed Natasha
  1332 | D:2      | Killed Natasha
  1332 | D:2      | Reached XP level 5. HP: 23/35 MP: 5/5
  1443 | D:2      | Killed Jessica
  1586 | D:3      | Noticed hurston's ghost (amateur GrFi)
  1587 | D:3      | Found a runed translucent door.
  1748 | D:3      | You fall into a shaft and drop 1 floor!
  1782 | D:4      | Reached skill level 6 in Fighting
  1806 | D:3      | Noticed Terence
  1834 | D:3      | Killed Terence
  1834 | D:3      | Reached XP level 6. HP: 39/41 MP: 6/6
  1982 | D:3      | Noticed Robin
  2000 | D:3      | Killed Robin
  2235 | D:4      | Noticed a phantom
  2259 | D:4      | Killed a phantom
  2327 | D:4      | Reached skill level 7 in Fighting
  2331 | D:4      | Reached XP level 7. HP: 45/48 MP: 7/7
  2442 | D:4      | Got an iridescent rapier
  2513 | D:4      | Found a basalt altar of Yredelemnul.
  2964 | D:4      | Found a glowing golden altar of the Shining One.
  3060 | D:4      | Became a worshipper of the Shining One
  3326 | D:5      | Entered Level 5 of the Dungeon
  3339 | D:5      | Found Ygyst's Armour Shop.
  3655 | D:5      | Reached skill level 8 in Fighting
  3655 | D:5      | Reached skill level 5 in Maces & Flails
  3676 | D:5      | Reached skill level 1 in Invocations
  3799 | D:5      | Noticed Dowan
  4017 | D:5      | Killed Dowan
  4017 | D:5      | Reached XP level 8. HP: 55/55 MP: 9/9
  4184 | D:5      | Noticed Duvessa
  4211 | D:5      | Killed Duvessa
  4562 | D:5      | Reached * piety under the Shining One
  4681 | D:6      | Reached skill level 9 in Fighting
  4893 | D:6      | Noticed Grinder
  4907 | D:6      | Killed Grinder
  5090 | D:6      | Reached XP level 9. HP: 57/62 MP: 12/12
  5294 | D:6      | Noticed Menkaure
  5305 | D:6      | Killed Menkaure
  5395 | D:6      | Reached skill level 10 in Fighting
  5489 | D:7      | Found a stormy altar of Qazlal.
  5533 | D:7      | Found a staircase to the Ecumenical Temple.
  5591 | D:7      | Found a runed translucent gate.
  5591 | D:7      | Found a runed translucent gate.
  5592 | D:7      | Found a runed translucent gate.
  5592 | D:7      | Noticed Harold
  5596 | D:7      | Noticed YannSP's ghost (novice MiFi)
  5597 | D:7      | Reached ** piety under the Shining One
  5611 | D:7      | Killed Harold
  5611 | D:7      | Reached skill level 1 in Dodging
  5723 | D:7      | Reached skill level 5 in Invocations
  5792 | D:7      | Found a flagged portal.
  5817 | Bailey   | Entered a bailey
  5875 | Bailey   | Reached XP level 10. HP: 54/68 MP: 12/14
  6080 | D:7      | Reached skill level 5 in Armour
  6080 | D:7      | Reached skill level 5 in Shields
  6185 | D:7      | Found a shattered altar of Ashenzari.
  6565 | Temple   | Entered the Ecumenical Temple
  6770 | D:8      | Found a runed translucent gate.
  6782 | D:8      | Found a runed translucent gate.
  6782 | D:8      | Found an opulent altar of Gozag.
  6796 | D:8      | Found a runed translucent gate.
  6803 | D:8      | Noticed kathalu's ghost (novice MiBe)
  7094 | D:8      | Found a shimmering blue altar of Sif Muna.
  7095 | D:8      | Found a sparkling altar of Nemelex Xobeh.
  7312 | D:9      | You fall into a shaft and drop 3 floors!
  7419 | D:11     | Noticed a two-headed ogre
  7419 | D:11     | Noticed a rakshasa
  7419 | D:11     | Reached *** piety under the Shining One
  7443 | D:11     | Killed a two-headed ogre
  7443 | D:11     | Reached skill level 11 in Fighting
  7453 | D:11     | Killed from afar by a rakshasa (illusionary)

Levels and vault maps discovered:
D:1:      shiori_arrival_oz, layout_rooms
D:2:      layout_basic, chequers_serial_rivers_micro_b, minmay_tromino_v4_a,
          uniq_natasha
D:3:      layout_loops_cross, gammafunk_ghost_grave, kennysheep_potato,
          uniq_terence, uniq_jessica, uniq_robin
D:4:      kennysheep_big_flooded_room, layout_layer_cave,
          lemuel_zombie_altar_yredelemnul, kennysheep_mini, first_ration,
          chequers_avenue, grunt_ministairs_10
D:5:      layout_cave_pods, serial_shops, shop, uniq_duvessa
D:6:      layout_gridville, minmay_misc_feat_ornament, uniq_menkaure,
          uniq_grinder
D:7:      layout_loops_ring, lemuel_coloured_pillars_altar,
          nicolae_qazlal_style_of_elements, minmay_temple_entry_waves,
          lightli_bailey_entry_fortress, gammafunk_ghost_split, uniq_harold
D:8:      layout_rooms, gammafunk_temple_overflow_statue, ebering_ghost_gozag
D:9:      layout_stronghold, dpeg_oklobed_lair
D:11:     hangedman_cross_stitches, layout_cross, hiddenorc1_lemuel,
          grunt_pizzeria, minmay_the_grid_2x2 [minmay_the_grid_plusring,
          minmay_the_grid_x, minmay_the_grid_minigrid_large,
          minmay_the_grid_prize_big_room]
D:12:     orc_temple, layout_loops_corners, guppyfry_shop_earth
Temple:   nicolae_temple_x_marks_the_god

Skill      XL: |  1  2  3  4  5  6  7  8  9 10 |
---------------+-------------------------------+-----
Fighting       | 4 5 6 7 8 9 10 11 | 11.0
Maces & Flails | 3 4 5 6 7 |  7.8
Invocations    | 1 4 5 6 |  6.4
Armour         | 4 6 |  6.1
Dodging        | 2 3 |  3.5
Shields        | 4 6 |  6.1

Action                   |  1- 3 |  4- 6 |  7- 9 | 10-12 || total
-------------------------+-------+-------+-------+-------++-------
Melee: Flail             |   106 |   194 |   312 |   216 ||   828
Invok: Divine Shield     |       |       |     1 |     1 ||     2
  Use: Potion            |       |       |     5 |     1 ||     6
       Scroll            |       |       |     2 |     9 ||    11
  Eat: Chunk             |       |     5 |    12 |     5 ||    22
       Ration            |       |       |       |     5 ||     5
Armor: Scale mail        |    61 |   116 |   129 |       ||   306
       Chain mail        |       |       |    16 |   212 ||   228
Dodge: Dodged            |    30 |    75 |    84 |   146 ||   335
Block: Shield            |    60 |   129 |   153 |   264 ||   606
